 Dungeon Crawl Stone Soup version 0.28-a0-1616-g050a50673c (webtiles) character file.

Game seed: 12796131164721663294

8 cheechan the Charlatan (level 2, 0/12 HPs)
             Began as a Felid Artificer on Jan 22, 2022.
             Constricted to death by a ball python (1 damage)
             ... on level 1 of the Dungeon.
             The game lasted 00:01:51 (138 turns).

cheechan the Charlatan (Felid Artificer)             Turns: 138, Time: 00:01:51

Health: 0/12       AC:  1    Str:  8    XL:     2   Next: 0%
Magic:  3/3        EV: 15    Int: 12    God:
Gold:   0          SH:  0    Dex: 16    Spells: 1/1 levels left
                                        Lives:  0   Deaths: 0

rFire   . . .      SeeInvis +   (weapon unavailable)
rCold   . . .      Faith    .   (shield unavailable)
rNeg    . . .      Spirit   .   (armour unavailable)
rPois   .          Reflect  .   (helmet unavailable)
rElec   .          Harm     .   (cloak unavailable)
rCorr   .          Rampage  .   (gloves unavailable)
Will    .....                   (boots unavailable)
Stlth   ++........              (no amulet)
HPRegen 0.04/turn               (no ring)
MPRegen 0.08/turn               (no ring)

@: constricted, quick
A: very small, claws 1, fangs 3, see invisible, speed 1, shaggy fur 1, stealthy
paws, no weapons or thrown items, no armour, multi-lived
a: no special abilities


You were on level 1 of the Dungeon.
You visited 1 branch of the dungeon, and saw 1 of its levels.

Inventory:

Missiles
 d - 8 stones
Wands
 a - a wand of flame (13) (quivered)
 b - a wand of charming (15)
Miscellaneous
 c - a piece from Xom's chessboard (15/15)


   Skills:
 + Level 1.0 Fighting
 + Level 3.5 Dodging
 + Level 1.3 Stealth
 + Level 3.7 Evocations


You had one spell level left.
You didn't know any spells.
Your spell library was empty.

Dungeon Overview and Level Annotations

Branches:
Dungeon (1/15)

Altars:


Innate Abilities, Weirdness & Mutations

You have sharp claws.
You have razor-sharp teeth.
You have supernaturally acute eyesight. (SInv)
You cover ground quickly. (Speed+)
You are covered in fur. (AC +1)
Your paws help you pounce on unaware monsters.
You are incapable of wielding weapons or throwing items.
You cannot wear armour.
You gain extra lives every three experience levels.


Message History

You scratch the giant cockroach.
The giant cockroach is severely wounded.
The giant cockroach barely misses you. x2
You closely miss the giant cockroach.
The giant cockroach is severely wounded.
The giant cockroach misses you.
You scratch the giant cockroach but do no damage.
You bite the giant cockroach.
The giant cockroach is almost dead.
The giant cockroach completely misses you.
You barely miss the giant cockroach.
The giant cockroach is almost dead.
The giant cockroach closely misses you.
You closely miss the giant cockroach.
The giant cockroach is almost dead.
The giant cockroach completely misses you.
You scratch the giant cockroach.
You kill the giant cockroach!
There is a stone staircase leading down here.
A goblin comes into view. It is wielding a +0 dagger.
You see here a bubbling red potion.
A ball python comes into view.
The goblin shouts!
You see here a bubbling red potion.
Aiming: Throw Flame
Press: ? - help, Q - select action, (/) - cycle Shift-Dir - straight line, f - goblin
Aim: a goblin, wielding a +0 dagger (64% to hit)
The puff of flame hits the goblin!
You kill the goblin!
You have reached level 2!
A kobold comes into view. It is wielding a +0 whip.
You see here a bubbling red potion.
The kobold shouts!
You closely miss the ball python. The ball python completely misses you.
The ball python grabs you. The ball python constricts you.
* * * LOW HITPOINT WARNING * * *
You barely miss the ball python. The ball python bites you.
* * * LOW HITPOINT WARNING * * *
The ball python constricts you.
You die...

#######.....#
#...........#
#....##.....##
#.....#......#
#.>..........#
##....#.#)...#
#....#.#.†..##
#!##.#.......#
#@.....##....#####
#...S.#............†.
#.....#...#.....#####
#.........#....##.##
#.)K.... +...##...##
#.....#.. #...#....'.
#.....+.......##...#'
#.....######..###.##.
#..###'##.


You could see a ball python and a kobold.

Vanquished Creatures
  2 giant cockroaches (D:1)
  A goblin (D:1)
  A hobgoblin (D:1)
  A kobold (D:1)
  3 rats (D:1)
8 creatures vanquished.

Notes
Turn   | Place    | Note
-------+----------+-------------------------------------------
     0 | D:1      | cheechan the Felid Artificer began the quest for the Orb.
     0 | D:1      | Reached XP level 1. HP: 9/9 MP: 2/2
   134 | D:1      | Reached XP level 2. HP: 4/12 MP: 3/3
   138 | D:1      | Constricted to death by a ball python

Illustrated notes

Levels and vault maps discovered:
D:1:      dpeg_arrival_rhombi, layout_basic, shapermc_ecumenical_altar_gd,
          serial_shops, shop

Action                   || total
-------------------------++-------
Melee: Unarmed           ||    33
       Bite              ||     5
       Punch             ||     1
Evoke: Wand              ||     2
Armor: Skin              ||     1
Dodge: Dodged            ||    25

Table legend: (Time is in decaauts)
 A = Elapsed time spent in this place.
 B = Non-inter-level travel time spent in this place.
 C = Inter-level travel time spent in this place.
 D = Time resting spent in this place.
 E = Time spent auto-exploring this place.
 F = Levels seen in this place.
 G = Mean time per level.
                   A        B        C        D        E       F      G
               +--------+--------+--------+--------+--------+-----+--------+
         Total |    120 |    120 |      0 |      4 |      0 |   1 |  120.0 |
       Dungeon |    120 |    120 |      0 |      4 |      0 |   1 |  120.0 |
               +--------+--------+--------+--------+--------+-----+--------+

Top non-repeatable levels by time:
     D:1: 120 daAuts
